 Dungeon Crawl Stone Soup version 0.29-a0-653-gd47aff6735 (webtiles) character file.

Game seed: 4753198442032337150

9 vineage the Cudgeller (level 2, 21/23 HPs)
             Began as a Demonspawn Gladiator on June 21, 2022.
             Quit the game on level 1 of the Dungeon.
             The game lasted 00:00:51 (329 turns).

vineage the Cudgeller (Demonspawn Gladiator)         Turns: 329, Time: 00:00:51

Health: 21/23      AC:  4    Str: 14    XL:     2   Next: 6%
Magic:  2/2        EV: 12    Int:  9    God:
Gold:   0          SH:  0    Dex: 14    Spells: 1/1 levels left

rFire   . . .      SeeInvis .   a - +0 flail
rCold   . . .      Faith    .   (no shield)
rNeg    . . .      Spirit   .   b - +0 leather armour
rPois   .          Reflect  .   c - +0 helmet
rElec   .          Harm     .   (no cloak)
rCorr   .          Rampage  .   (no gloves)
Will    .....                   (no boots)
Stlth   +.........              (no amulet)
HPRegen 0.07/turn               (no ring)
MPRegen 0.08/turn               (no ring)

@: no status effects
A: demonic magic 1
a: no special abilities


You were on level 1 of the Dungeon.
You visited 1 branch of the dungeon, and saw 1 of its levels.

Inventory:

Hand Weapons
 a - a +0 flail (weapon)
Missiles
 d - 3 throwing nets (quivered)
 e - a javelin
Armour
 b - a +0 leather armour (worn)
 c - a +0 helmet (worn)
Potions
 f - a potion of attraction {unknown}


   Skills:
 + Level 2.4 Fighting
 + Level 3.0 Maces & Flails
 - Level 1.7 Throwing
 - Level 2.6 Dodging


You had one spell level left.
You didn't know any spells.
Your spell library was empty.

Dungeon Overview and Level Annotations

Branches:
Dungeon (1/15)

Altars:


Innate Abilities, Weirdness & Mutations

Spells you cast may paralyse adjacent enemies.


Message History

No target in view!
No target in view!
You see here a ball python corpse.
Found 7 stones.
Found a ring mail and a dagger.
You see here a +0 dagger.
A quokka comes into view.
A quokka is nearby!
A hobgoblin comes into view.
The hobgoblin hits you.
You thump the hobgoblin!
You kill the hobgoblin!
Your Maces & Flails skill increases to level 3!
You have reached level 2!
Your demonic ancestry asserts itself...
A menacing aura infuses your magic. The quokka barely misses you.
You barely miss the quokka. The quokka misses you.
You hit the quokka.
The quokka is severely wounded.
The quokka barely misses you.
The quokka bites you but does no damage.
You hit the quokka.
You kill the quokka!
No target in view!
No target in view!
No target in view!
No target in view!
No target in view!
No target in view!
No target in view!
No target in view!
No target in view!
No target in view!
You have 0 gold pieces.
Saving game... please wait.
Welcome back, vineage the Demonspawn Gladiator.
Press ? for a list of commands and other information.
Clearing monster memory.
Are you sure you want to abandon this character and quit the game? (Confirm with "yes".)

.....[......#..#
.#
#######....(..#
.# # ##......###
#.# #
#..####..## #.#
###.### #..)#
#.# # #.....#
##..###†##
###.....#
###.....#
).†.....#
#.....#
........#
#..@..#
###.....#
#.....#
#........
♣♣♣...#
#######.♣ ♣.♣..#
.. ..P♣..#
♣PP♣♣..# ♣♣ ...#
####


There were no monsters in sight!

Vanquished Creatures
  An endoplasm (D:1)
  A goblin (D:1)
  A hobgoblin (D:1)
  A kobold (D:1)
  A quokka (D:1)
  A ball python (D:1)
  A frilled lizard (D:1)
  2 rats (D:1)
9 creatures vanquished.

Notes
Turn   | Place    | Note
-------+----------+-------------------------------------------
     0 | D:1      | vineage the Demonspawn Gladiator began the quest for the
                  | Orb.
     0 | D:1      | Reached XP level 1. HP: 16/16 MP: 1/1
   321 | D:1      | Reached skill level 3 in Maces & Flails
   321 | D:1      | Gained mutation: Spells you cast may paralyse adjacent
                  | enemies. [demonic ancestry]
   321 | D:1      | Reached XP level 2. HP: 20/23 MP: 2/2
   329 | D:1      | Quit the game

Illustrated notes

Levels and vault maps discovered:
D:1:      dpeg_arrival_rooms_a, layout_rooms, serial_forest,
          infiniplex_forest_clump_small, infiniplex_forest_clump_small,
          infiniplex_forest_clump_double, infiniplex_forest_end_1,
          infiniplex_forest_lined_2, infiniplex_forest_clump_small,
          dreamdust_ecumenical_altar_angels_and_demons

Skill      XL: |  1 |
---------------+----+-----
Maces & Flails | 3 |  3.0
Fighting       | |  2.4
Throwing       | |  1.7
Dodging        | |  2.6

Action                   || total
-------------------------++-------
Melee: Flail             ||    17
Armor: Leather armour    ||     5
Dodge: Dodged            ||    10

Table legend: (Time is in decaauts)
 A = Elapsed time spent in this place.
 B = Non-inter-level travel time spent in this place.
 C = Inter-level travel time spent in this place.
 D = Time resting spent in this place.
 E = Time spent auto-exploring this place.
 F = Levels seen in this place.
 G = Mean time per level.
                   A        B        C        D        E       F      G
               +--------+--------+--------+--------+--------+-----+--------+
         Total |    333 |    331 |      2 |      0 |    276 |   1 |  333.0 |
       Dungeon |    333 |    331 |      2 |      0 |    276 |   1 |  333.0 |
               +--------+--------+--------+--------+--------+-----+--------+

Top non-repeatable levels by time:
     D:1: 333 daAuts
